 Dungeon Crawl Stone Soup version 0.18.1-50-g88ac8fd (console) character file.

219036 Kloppie the Executioner (level 19, -12/270 HPs)
             Began as a Hill Orc Berserker on Oct 25, 2016.
             Was the Champion of Trog.
             Mangled by an Ice Fiend (20 damage)
             ... in an ice cave.
             The game lasted 01:07:00 (34687 turns).

Kloppie the Executioner (Hill Orc Berserker)       Turns: 34687, Time: 01:07:01

Health: -12/270    AC: 36    Str: 27    XL:     19   Next: 13%
Magic:  19/19      EV:  9    Int:  7    God:    Trog [******]
Gold:   2171       SH:  0    Dex: 19    Spells: 0 memorised, 18 levels left

rFire  . . .     SeeInvis .     a - +8 executioner's axe (elec)
rCold  + . .     Gourm    .     U - +12 plate armour of Evolution {MR+}
rNeg   . . .     Faith    .     (shield currently unavailable)
rPois  .         Spirit   .     W - +1 helmet
rElec  .         Dismiss  .     m - +0 cloak
rCorr  .         Reflect  .     R - +0 pair of gloves {Dex+3}
SustAt .         Harm     .     (no boots)
MR     +++++     Clarity  +     (no amulet)
Stlth  ..........               l - ring of protection from cold
                                t - ring of protection from magic

@: berserking, regenerating, very quick, almost entirely resistant to hostile
enchantments, extremely unstealthy
A: clarity
a: Berserk, Trog's Hand, Brothers in Arms, Burn Spellbooks, Renounce Religion
}: 1/15 runes: gossamer


You were in an ice cave.
You worshipped Trog.
Trog was exalted by your worship.
You were not hungry.

You visited 6 branches of the dungeon, and saw 31 of its levels.
You also visited: Labyrinth, Bailey, Ice Cave and Volcano.

You collected 4239 gold pieces.
You spent 2068 gold pieces at shops.

Inventory:

Hand Weapons
 a - a +8 executioner's axe of electrocution (weapon)
 b - the +6 broad axe "Grim Tooth" {flame, rElec rF+++ Stlth+}
   (You found it on level 1 of the Spider Nest)

   It has been specially enchanted to burn those struck by it, causing extra
   injury to most foes and up to half again as much damage against particularly
   susceptible opponents.
   Big, fiery blades are also staple armaments of hydra-hunters.
   It renders you almost immune to fire.
   It insulates you from electricity.
   It makes you more stealthy.
 Q - the +8 frozen axe "Frostbite" {freezing cloud, *Noise +Fly rC+}
   (Trog gifted it to you on level 2 of the Orcish Mines)

   It has been specially enchanted to freeze those struck by it, causing extra
   injury to most foes and up to half again as much damage against particularly
   susceptible opponents.
   It can also slow down cold-blooded creatures.
   It protects you from cold.
   It lets you fly.
   It may make noises in combat.
 X - a +1 antimagic executioner's axe
Armour
 m - a +0 cloak (worn)
 E - the +7 plate armour "Qizxuoxzy" {-Cast +Inv rElec rN++}
   (You found it on level 6 of the Dungeon)

   It insulates you from electricity.
   It greatly protects you from negative energy.
   It lets you turn invisible.
   It prevents spellcasting.
 R - a +0 pair of gloves of dexterity (worn)
 U - the +12 plate armour of Evolution (worn) {MR+}
   (You bought it in a shop on level 2 of the Orcish Mines)

   It affects your resistance to hostile enchantments.
 V - the +7 plate armour of the Snake Pit {rF++ Dex+3}
   (You bought it in a shop on level 2 of the Orcish Mines)

   It affects your dexterity (+3).
   It greatly protects you from fire.
 W - a +1 helmet (worn)
Jewellery
 l - a ring of protection from cold (right hand)
 n - an uncursed ring of poison resistance
 t - a ring of protection from magic (left hand)
 G - an uncursed ring of see invisible
 H - a +5 ring of evasion
 L - an uncursed ring of sustain attributes
 O - an uncursed ring of protection from cold
Wands
 f - a wand of disintegration (7/24)
 s - a wand of heal wounds (4/9)
 z - a wand of digging (13/24)
 K - a wand of heal wounds (4/9)
 Z - a wand of digging (11/24)
Scrolls
 d - 3 scrolls of blinking
 h - 2 scrolls of summoning
 i - 2 scrolls of fear
 j - a scroll of fog
 k - 4 scrolls of recharging
 F - 3 scrolls of enchant armour
 I - 8 scrolls of remove curse
 S - a scroll of magic mapping
 T - 14 scrolls of teleportation
Potions
 e - 6 potions of might
 p - 2 potions of flight
 q - 2 potions of berserk rage
 u - 3 potions of ambrosia
 v - 5 potions of curing
 A - 2 potions of heal wounds
 B - 2 potions of haste
 D - 4 potions of resistance
 J - a potion of cure mutation
 M - 5 potions of cancellation
 N - a potion of invisibility
 P - 5 potions of agility
Books
 y - a book of Conjurations

   Spells                             Type                      Level
   a - Magic Dart                     Conjuration                  1
   b - Searing Ray                    Conjuration                  2
   c - Dazzling Spray                 Conjuration/Hexes            3
   d - Fulminant Prism                Conjuration/Hexes            4
   e - Iskenderun's Mystic Blast      Conjuration                  4
   f - Iskenderun's Battlesphere      Conjuration/Charms           5
   Trog disapproves of the use of such an item.
 Y - a book of Summonings

   Spells                             Type                      Level
   a - Recall                         Summoning/Translocation      3
   b - Aura of Abjuration             Summoning                    5
   c - Summon Demon                   Summoning                    5
   d - Summon Forest                  Summoning/Translocation      5
   e - Summon Mana Viper              Hexes/Summoning              5
   f - Shadow Creatures               Summoning                    6
   Trog disapproves of the use of such an item.
Comestibles
 c - 17 bread rations
 g - 10 slices of pizza
 r - 11 royal jellies
 w - 12 beef jerkies
 x - 2 fruits
 C - 7 meat rations


   Skills:
 + Level 18.4 Fighting
 + Level 26.5 Axes
 - Level 18.0 Armour
 - Level 1.5 Dodging


You had 18 spell levels left.
You didn't know any spells.

Dungeon Overview and Level Annotations

Branches:
Dungeon (15/15)            Temple (0/1) D:7            Lair (8/8) D:8
 Shoals (1/4) Lair:4       Spider (4/4) Lair:6        Slime (0/6) Lair:7
    Orc (2/2) D:9             Elf (0/3) Orc:2        Vaults (1/5) D:14
 Depths (0/5) D:15

Altars:
Ashenzari
Cheibriados
Dithmenos
Elyvilon
Gozag
Makhleb
Nemelex Xobeh
Okawaru
Sif Muna
Trog
Xom
The Shining One
Beogh

Shops:
Orc:2 =[([

Annotations:
Lair:7 exclusion: oklob plant


Innate Abilities, Weirdness & Mutations

You possess an exceptional clarity of mind.


Message History

* * * LOW HITPOINT WARNING * * *
Evoke which item? (* to show all) (? for menu, Esc to quit)
Zapping:
s - a wand of heal wounds (5/9)
Press: ? - help, Shift-Dir - straight line, f - you You feel much better.
This wand has 4 charges left.
The seven-headed hydra simulacrum bites you but does no damage. x7
You hack one of the seven-headed hydra simulacrum's heads off!
You carve the six-headed hydra simulacrum like a ham!!!
The six-headed hydra simulacrum vapourises!
A red film seems to cover your vision as you go berserk!
You feel yourself moving faster!
You feel mighty!
You feel somewhat more hungry. The Ice Fiend claws you!
* * * LOW HITPOINT WARNING * * *
The Ice Fiend freezes you!! You resist.
* * * LOW HITPOINT WARNING * * *
The Ice Fiend completely misses you.
You barely miss the Ice Fiend. The Ice Fiend claws you!
* * * LOW HITPOINT WARNING * * *
The Ice Fiend freezes you!! You resist.
You die...

##.# ##..#
#...#.=# #.##
#..## ##...###
#.## #..#
#####..# #..##
##.####..###.#
##..###..#
#.⌠###..#
#...#..##
#...##.##
##.....#
#..#...#
#....##
##.#..##
##..##
##@##### #..#
#1##Z## ##.#
##.#.1# .##
##.#.Z....# #
#.#41Z.#$:
####.Z.# #.##
##


You could see an Ice Fiend.

Vanquished Creatures
  Arachne (Spider:3)
  Rupert (Lair:7)
  Kirke (Lair:7)
  A vault warden (Vaults:1)
  8 emperor scorpions
  4 ghost moths
  Nessos (Lair:8)
  The ghost of Gargoyl the Envoy of Void, a journeyman DsAK of Lugonu (Lair:5)
  2 spark wasps
  An ettin (D:15)
  A minotaur (Lab)
  12 hydras
  An entropy weaver (Spider:4)
  8 centaur warriors
  2 death knights (D:15)
  An ogre mage (D:15)
  21 death yaks
  3 tengu warriors
  Urug (Orc:1)
  A deep elf knight (D:15)
  A skeletal warrior (D:15)
  An iron troll (D:14)
  A deep troll (D:15)
  A sea snake (Shoals:1)
  2 unseen horrors (D:15)
  A phantasmal warrior (D:15)
  Pikel (D:6)
  A wizard (D:12)
  A lindwurm (shapeshifter) (D:14)
  3 orc knights
  8 hill giants
  A wolf spider zombie (D:12)
  An orange crystal statue (Vaults:1)
  2 harpies (Shoals:1)
  19 wolf spiders
  An ugly thing (D:13)
  A necromancer (Spider:3)
  2 griffons
  18 orb spiders
  A faun (Shoals:1)
  4 deep elf magi
  A hornet (Spider:3)
  A manticore (Lair:4)
  A cyclops (D:15)
  2 moths of wrath
  6 elephants (Lair:6)
  4 black mambas
  An ice statue (IceCv)
  3 torpor snails
  30 spiny frogs
  3 gargoyles
  The ghost of cba the Sneak, a novice OpWz of Dithmenos (D:5)
  2 efreet
  2 red devils (D:8)
  3 anaconda simulacra (IceCv)
  14 komodo dragons
  5 freezing wraiths
  6 ice devils (IceCv)
  4 kobold demonologists
  7 demonic crawlers
  A queen bee (Spider:2)
  3 tengu conjurers
  6 trolls
  3 polar bears
  3 giant leeches (Lair:8)
  A merfolk (Lair:4)
  28 jumping spiders
  A blink frog (shapeshifter) (D:14)
  42 blink frogs
  2 boulder beetles
  7 two-headed ogres
  4 slime creatures (D:13)
  2 snapping turtles
  A vampire (D:10)
  A shadow (Lab)
  2 wraiths
  34 tarantellas
  81 redbacks
  2 spriggans (Lair:6)
  4 wyverns
  3 hogs (Lair:7)
  49 yaks
  3 fire bats (Volcano)
  Grum (D:11)
  7 hippogriffs
  3 dire elephant simulacra (IceCv)
  2 basilisks
  5 hungry ghosts
  3 harpy simulacra (IceCv)
  9 vampire mosquitoes
  2 death yak simulacra (IceCv)
  A warg (Orc:2)
  A soldier ant (shapeshifter) (D:15)
  4 iron troll simulacra (IceCv)
  A soldier ant (D:14)
  21 water moccasins
  2 hydra simulacra (IceCv)
  13 porcupines
  3 phantoms
  Duvessa (D:6)
  A black bear (Lair:6)
  43 orc warriors
  4 sky beasts
  2 slaves (D:6)
  2 necrophages (D:10)
  An ettin simulacrum (IceCv)
  8 ice beasts
  2 wasps
  14 wolves
  33 centaurs
  15 ogres
  15 crocodiles
  6 big kobolds
  A gnoll sergeant (D:12)
  32 giant frogs
  Dowan (D:6)
  8 scorpions
  A wyvern skeleton (D:10)
  13 wights
  34 killer bees
  5 electric eels
  7 howler monkeys
  3 crimson imps
  3 giant frog zombies
  4 draconian simulacra (IceCv)
  A centaur zombie (D:5)
  9 hounds
  17 jellies
  21 orc wizards
  19 orc priests
  7 centaur skeletons
  2 giant frog skeletons (D:8)
  A gnoll shaman (D:9)
  7 iguanas
  Ijyb (D:2)
  Natasha (thrice) (D:2)
  9 worker ants
  A killer bee zombie (D:7)
  A spriggan simulacrum (IceCv)
  15 sheep
  A centaur simulacrum (IceCv)
  A hound skeleton (D:10)
  A howler monkey zombie (D:6)
  Robin (D:2)
  13 adders
  10 gnolls
  3 naga simulacra (IceCv)
  4 ogre simulacra (IceCv)
  46 river rats
  2 shadow imps
  19 white imps
  6 ufetubi (IceCv)
  An ooze (D:3)
  An adder zombie (D:2)
  2 adder skeletons (D:2)
  2 worms (D:4)
  2 dart slugs
  4 giant geckos
  109 orcs
  2 ball pythons (D:1)
  4 bats
  A bat zombie (D:2)
  3 giant cockroaches
  23 hobgoblins
  12 jackals
  30 kobolds
  6 quokkas
  2 giant gecko skeletons
  A giant newt (D:1)
  25 goblins
  A jackal skeleton (D:8)
  2 quokka skeletons (D:2)
  A quokka zombie (D:5)
  5 rats
  2 bushes (Lair:8)
  33 fungi
  10 plants
1364 creatures vanquished.

Vanquished Creatures (collateral kills)
  Sonja (D:10)
1 creature vanquished.

Vanquished Creatures (others)
  A jumping spider (Spider:4)
  A crimson imp (D:6)
  A jelly (D:6)
  31 fungi
  45 plants
79 creatures vanquished.

Grand Total: 1444 creatures vanquished

Notes
Turn   | Place    | Note
--------------------------------------------------------------
     0 | D:1      | Kloppie the Hill Orc Berserker began the quest for the Orb.
     0 | D:1      | Reached XP level 1. HP: 19/19 MP: 1/1
   176 | D:1      | Reached XP level 2. HP: 22/27 MP: 2/2
   508 | D:1      | Reached XP level 3. HP: 26/34 MP: 3/3
   585 | D:2      | Noticed Natasha
   601 | D:2      | Killed Natasha
   870 | D:2      | Reached skill level 5 in Fighting
   870 | D:2      | Reached skill level 5 in Axes
   884 | D:2      | Reached XP level 4. HP: 40/42 MP: 4/4
   969 | D:2      | Reached ** piety under Trog
  1118 | D:2      | Noticed Natasha
  1132 | D:2      | Killed Natasha
  1715 | D:2      | Noticed Natasha
  1723 | D:2      | Killed Natasha
  1723 | D:2      | Reached XP level 5. HP: 50/50 MP: 5/5
  1753 | D:2      | Noticed Robin
  1773 | D:2      | Killed Robin
  1778 | D:2      | Reached skill level 6 in Axes
  1943 | D:2      | Found a glowing golden altar of the Shining One.
  1948 | D:2      | Noticed Ijyb
  1960 | D:2      | Killed Ijyb
  2095 | D:2      | Found a shimmering altar of Xom.
  2095 | D:2      | Found a shimmering altar of Xom.
  2095 | D:2      | Found a shimmering altar of Xom.
  2301 | D:3      | Reached *** piety under Trog
  2355 | D:3      | Reached XP level 6. HP: 41/57 MP: 6/6
  2967 | D:4      | Reached skill level 7 in Axes
  3133 | D:4      | Reached XP level 7. HP: 54/63 MP: 7/7
  3202 | D:4      | Found a deep blue altar of Sif Muna.
  3347 | D:4      | Reached skill level 8 in Axes
  3478 | D:5      | Entered Level 5 of the Dungeon
  3530 | D:5      | Reached skill level 5 in Armour
  3583 | D:5      | Found an opulent altar of Gozag.
  3594 | D:5      | Found a white marble altar of Elyvilon.
  3685 | D:5      | Reached XP level 8. HP: 44/70 MP: 8/8
  3737 | D:5      | Reached skill level 9 in Axes
  3781 | D:5      | Reached **** piety under Trog
  3810 | D:5      | Noticed cba's ghost (novice OpWz)
  3826 | D:5      | Killed cba's ghost
  3826 | D:5      | Reached skill level 10 in Axes
  4289 | D:5      | Found a sparkling altar of Nemelex Xobeh.
  4541 | D:6      | Noticed Pikel
  4566 | D:6      | Killed Pikel
  4566 | D:6      | Reached skill level 11 in Axes
  4566 | D:6      | Reached XP level 9. HP: 75/75 MP: 9/9
  4726 | D:6      | Noticed Dowan
  4727 | D:6      | Noticed Duvessa
  4735 | D:6      | Killed Duvessa
  4741 | D:6      | Killed Dowan
  4753 | D:6      | Got a distressingly furry plate armour
  4764 | D:6      | Identified the +7 plate armour "Qizxuoxzy" {-Cast +Inv rElec rN++} (You found it on level 6 of the Dungeon)
  5415 | D:7      | Found a flagged portal.
  5436 | Bailey   | Entered a bailey
  5478 | Bailey   | Reached skill level 12 in Axes
  5685 | D:7      | Found a staircase to the Ecumenical Temple.
  5812 | D:7      | Reached XP level 10. HP: 41/86 MP: 10/10
  5832 | D:7      | Found an iron altar of Okawaru.
  6135 | D:8      | Found a bloodstained altar of Trog.
  6135 | D:8      | Found a snail-covered altar of Cheibriados.
  6202 | D:8      | Reached skill level 13 in Axes
  6275 | D:8      | Found a staircase to the Lair.
  6281 | D:8      | Found a shadowy altar of Dithmenos.
  6384 | D:8      | Noticed a rust devil
  6384 | D:8      | Found a burning altar of Makhleb.
  6887 | D:8      | Found an iron altar of Okawaru.
  7101 | D:9      | Reached ***** piety under Trog
  7180 | D:9      | Found a staircase to the Orcish Mines.
  7183 | D:9      | Reached skill level 14 in Axes
  7204 | D:9      | Found a shattered altar of Ashenzari.
  7567 | D:10     | Entered Level 10 of the Dungeon
  7576 | D:10     | Reached skill level 10 in Fighting
  7586 | D:10     | Reached XP level 11. HP: 59/101 MP: 11/11
  8077 | D:10     | Noticed a hill giant
  8081 | D:10     | Killed a hill giant
  8081 | D:10     | Reached skill level 15 in Axes
  8193 | D:10     | Noticed a hill giant
  8204 | D:10     | Killed a hill giant
  8276 | D:10     | Noticed a hill giant
  8286 | D:10     | Killed a hill giant
  8353 | D:10     | Noticed Sonja
  8380 | D:10     | Killed Sonja
  8383 | D:10     | Noticed a hill giant
  8390 | D:10     | Killed a hill giant
  8591 | D:10     | Noticed a hill giant
  8605 | D:10     | Killed a hill giant
  8605 | D:10     | Received a gift from Trog
  8945 | D:11     | Noticed Grum
  8980 | D:11     | Reached skill level 16 in Axes
  8983 | D:11     | Killed Grum
  9211 | D:11     | Reached skill level 10 in Armour
  9683 | Lair:1   | Entered Level 1 of the Lair of Beasts
  9911 | Lair:1   | Reached XP level 12. HP: 109/112 MP: 12/12
 10246 | Lair:1   | Noticed an eight-headed hydra
 10260 | Lair:1   | Killed a one-headed hydra
 10335 | Lair:2   | Received a gift from Trog
 10393 | Lair:2   | Reached skill level 17 in Axes
 11616 | Lair:3   | Noticed a six-headed hydra
 11627 | Lair:3   | Killed a one-headed hydra
 11627 | Lair:3   | Reached skill level 18 in Axes
 11818 | Lair:3   | Noticed a death yak
 11820 | Lair:3   | Noticed a death yak
 11821 | Lair:3   | Noticed a death yak
 11836 | Lair:3   | Killed a death yak
 11837 | Lair:3   | Killed a death yak
 11837 | Lair:3   | Reached XP level 13. HP: 118/118 MP: 13/13
 12160 | Lair:4   | Found a staircase to the Shoals.
 12369 | Lair:4   | Reached skill level 19 in Axes
 13180 | Lair:5   | Noticed Gargoyl's ghost (journeyman DsAK)
 13202 | Lair:5   | Killed Gargoyl's ghost
 13421 | Lair:5   | Received a gift from Trog
 14064 | Lair:6   | Reached skill level 20 in Axes
 14105 | Lair:6   | Identified a scroll of acquirement
 14143 | Lair:6   | Reached XP level 14. HP: 126/126 MP: 14/14
 14171 | Lair:6   | Found a hole to the Spider Nest.
 14577 | Lair:6   | Reached skill level 15 in Armour
 15479 | Lair:7   | Reached ****** piety under Trog
 15516 | Lair:7   | Noticed Rupert
 15531 | Lair:7   | Killed Rupert
 15531 | Lair:7   | Reached skill level 21 in Axes
 16251 | Lair:7   | Received a gift from Trog
 16252 | Lair:7   | Got a shimmering battleaxe {god gift}
 16253 | Lair:7   | Identified the +6 battleaxe of Ethics {venom, Int+4} (Trog gifted it to you on level 7 of the Lair of Beasts)
 16256 | Lair:7   | Found a staircase to the Slime Pits.
 16322 | Lair:7   | Noticed Kirke
 16328 | Lair:7   | Killed Kirke
 16817 | D:12     | Paralysed by a wizard for 4 turns
 16829 | D:12     | Identified the Tome of Sand
 16842 | D:12     | Identified the Papyrus of Plaster Cramp
 16957 | D:12     | Reached XP level 15. HP: 131/137 MP: 15/15
 16998 | D:12     | Identified Ts'ui Pên's Incunabulum of Forking Paths
 17813 | D:13     | Received a gift from Trog
 18125 | D:13     | Reached skill level 22 in Axes
 18195 | D:13     | Found a roughly hewn altar of Beogh.
 18421 | D:11     | Received a gift from Trog
 18480 | Orc:1    | Entered Level 1 of the Orcish Mines
 18842 | Orc:1    | Found a roughly hewn altar of Beogh.
 18981 | Orc:2    | Entered Level 2 of the Orcish Mines
 19038 | Orc:2    | Found a staircase to the Elven Halls.
 19466 | Orc:2    | Reached skill level 15 in Fighting
 19916 | Orc:2    | Received a gift from Trog
 19922 | Orc:2    | Found Wour's Weapon Boutique.
 19922 | Orc:2    | Found Suligro's Antique Armour Shoppe.
 19924 | Orc:2    | Found Diorr's Jewellery Emporium.
 19926 | Orc:2    | Found Plog's Antique Armour Shop.
 19933 | Orc:2    | Bought a cursed ring of loudness for 72 gold pieces
 19938 | Orc:2    | Bought a translucent plate armour for 924 gold pieces
 19938 | Orc:2    | Bought an encrusted plate armour for 924 gold pieces
 19938 | Orc:2    | Bought a shiny helmet for 148 gold pieces
 19959 | Orc:2    | Identified the +12 plate armour of Evolution {MR+} (You bought it in a shop on level 2 of the Orcish Mines)
 19969 | Orc:2    | Identified the +7 plate armour of the Snake Pit {rF++ Dex+3} (You bought it in a shop on level 2 of the Orcish Mines)
 20076 | Orc:1    | Found a roughly hewn altar of Beogh.
 20167 | Orc:1    | Noticed Urug
 20173 | Orc:1    | Killed Urug
 20588 | Lair:8   | Entered Level 8 of the Lair of Beasts
 20643 | Lair:8   | Found a dark tunnel.
 20668 | Volcano  | Entered a volcano
 20848 | Lair:8   | Reached skill level 23 in Axes
 20848 | Lair:8   | Reached XP level 16. HP: 149/151 MP: 16/16
 21034 | Lair:8   | Received a gift from Trog
 21329 | Lair:8   | Noticed Nessos
 21348 | Lair:8   | Killed Nessos
 21348 | Lair:8   | Reached XP level 17. HP: 100/160 MP: 17/17
 22340 | Spider:1 | Entered Level 1 of the Spider Nest
 22365 | Spider:1 | Got a crude broad axe
 22372 | Spider:1 | Received a gift from Trog
 22694 | Spider:1 | Identified the +6 broad axe "Grim Tooth" {flame, rElec rF+++ Stlth+} (You found it on level 1 of the Spider Nest)
 23360 | Spider:2 | Reached skill level 24 in Axes
 23379 | Spider:2 | Received a gift from Trog
 24479 | Spider:3 | Received a gift from Trog
 25175 | Spider:4 | Entered Level 4 of the Spider Nest
 25178 | Spider:4 | Noticed Arachne
 25197 | Spider:3 | Killed Arachne
 26964 | Spider:3 | Received a gift from Trog
 27322 | Spider:4 | Reached skill level 25 in Axes
 27338 | Spider:4 | Reached XP level 18. HP: 107/172 MP: 18/18
 28642 | Spider:4 | Received a gift from Trog
 30200 | Spider:4 | Got a gossamer rune of Zot
 30343 | Lair:6   | Got a dazzling cloak
 30354 | Lair:6   | Identified the +0 cloak "Gyasmunt" {rPois rC- Int-3 Dex+10} (You acquired it on level 6 of the Lair of Beasts)
 30662 | D:14     | Found a labyrinth entrance.
 30706 | Lab      | Entered a labyrinth
 31121 | D:14     | Found a gate to the Vaults.
 31130 | D:14     | Gained mutation: You possess an exceptional clarity of mind. [potion of beneficial mutation]
 31771 | D:15     | Entered Level 15 of the Dungeon
 31928 | D:15     | Reached skill level 26 in Axes
 32029 | D:15     | Received a gift from Trog
 32487 | D:15     | Found a staircase to the Depths.
 32843 | Vaults:1 | Entered Level 1 of the Vaults
 32909 | Vaults:1 | Noticed a Brimstone Fiend
 33423 | Shoals:1 | Entered Level 1 of the Shoals
 33423 | Shoals:1 | Found a frozen archway.
 33438 | Shoals:1 | Reached XP level 19. HP: 119/179 MP: 19/19
 33966 | IceCv    | Entered an ice cave
 34667 | IceCv    | Noticed an Ice Fiend
 34687 | IceCv    | HP: 8/270 [Ice Fiend (14)]
 34687 | IceCv    | Mangled by an Ice Fiend

Skill      XL: |  1  2  3  4  5  6  7  8  9 10 11 12 13 14 15 16 17 18 19 |
---------------+----------------------------------------------------------+-----
Fighting       | 4 5 6 7 10 12 13 16 18 | 18.4
Axes           | 5 6 7 8 11 12 14 16 18 20 21 23 25 26 | 26.5
Armour         | 3 5 8 9 10 12 14 15 17 18 | 18.0
Dodging        | |  1.5

Action                   |  1- 3 |  4- 6 |  7- 9 | 10-12 | 13-15 | 16-18 | 19-21 || total
-------------------------+-------+-------+-------+-------+-------+-------+-------++-------
Melee: Hand axe          |    80 |   160 |       |    16 |    46 |    15 |       ||   317
       War axe           |       |    72 |   325 |   706 |   277 |       |       ||  1380
       Executioner's axe |       |       |       |       |   669 |  1010 |   123 ||  1802
       Broad axe         |       |       |       |       |       |    17 |       ||    17
Invok: Berserk           |     1 |     6 |     3 |     8 |     6 |     2 |     1 ||    27
       Trog's Hand       |       |       |     5 |     5 |     7 |     6 |     1 ||    24
       Brothers in Arms  |       |       |       |     1 |       |       |       ||     1
Evoke: Wand              |       |       |       |       |       |     5 |     1 ||     6
  Use: Scroll            |       |       |    18 |    11 |    17 |    14 |       ||    60
       Potion            |       |       |       |     1 |     2 |     4 |       ||     7
  Eat: Chunk             |     1 |    14 |    12 |    34 |    38 |    20 |     3 ||   122
       Fruit             |       |       |       |     2 |       |       |       ||     2
       Meat ration       |       |       |       |       |     1 |     4 |       ||     5
       Royal jelly       |       |       |       |       |       |     1 |     1 ||     2
Armor: Animal skin       |     2 |       |       |       |       |       |       ||     2
       Leather armour    |     9 |       |       |       |       |       |       ||     9
       Ring mail         |     6 |    85 |    92 |       |       |       |       ||   183
       Plate armour      |       |       |   187 |   459 |   736 |  1122 |   120 ||  2624
Dodge: Dodged            |    34 |   133 |   193 |   269 |   384 |   493 |    56 ||  1562
